 Dungeon Crawl Stone Soup version 0.30.1-1-g62c8e00024 (webtiles) character file.

Game seed: 9166942323845101539

41 Peloso the Trooper (level 3, 33/33 HPs)
             Began as a Minotaur Fighter on July 14, 2023.
             Got out of the dungeon alive.
             The game lasted 00:01:49 (561 turns).

Peloso the Trooper (Minotaur Fighter)                Turns: 561, Time: 00:01:50

Health: 33/33      AC:  9    Str: 19    XL:     3   Next: 32%
Magic:  2/2        EV:  9    Int:  4    God:
Gold:   22         SH:  5    Dex: 15    Spells: 2/2 levels left

rFire   . . .        a - +0 long sword
rCold   . . .        d - +0 buckler
rNeg    . . .        b - +0 scale mail
rPois   .            (helmet restricted)
rElec   .            (no cloak)
rCorr   .            c - +0 pair of gloves
SInv    .            (no boots)
Will    .....        (no amulet) Stlth
                     (no ring)
HPRegen 0.25/turn    (no ring)
MPRegen 0.08/turn

%: no passive effects
@: no status effects
A: horns 2, retaliatory headbutt, agile 1, shaggy fur 1
a: no special abilities


You escaped.
You visited 1 branch of the dungeon, and saw 1 of its levels.

You collected 22 gold pieces.

Inventory:

Hand Weapons
 a - a +0 long sword (weapon)
Armour
 b - a +0 scale mail (worn)
 c - a +0 pair of gloves (worn)
 d - a +0 buckler (worn)
Scrolls
 g - a scroll of summoning {unknown}
 h - a scroll of identify {unknown}
Potions
 e - a potion of might


   Skills:
 + Level 4.3 Fighting
 + Level 2.8 Long Blades
 + Level 4.2 Armour
 + Level 0.3 Dodging
 + Level 3.9 Shields


You had 2 spell levels left.
You didn't know any spells.
Your spell library was empty.

Dungeon Overview and Level Annotations

Branches:
Dungeon (1/15)

Altars:


Innate Abilities, Weirdness & Mutations

You have a pair of horns on your head.
You reflexively headbutt those who attack you in melee.
You are agile. (Dex +4, Str/Int -1)
You are covered in fur. (AC +1)


Message History

You headbutt the jackal!
You kill the jackal!
The jackal bites you.
The jackal bites you but does no damage.
You miss the jackal. You headbutt the jackal.
You kill the jackal!
You see here a jackal corpse.
You open the door.
An endoplasm comes into view.
Found a cyan potion.
An endoplasm is nearby!
An endoplasm is nearby!
There is an open door here.
You hit the endoplasm. You headbutt the endoplasm.
You kill the endoplasm!
Found a glowing ruby potion.
i - a cyan potion It was a potion of curing.
You feel better.
i - a glowing ruby potion A quokka comes into view.
You slash the quokka!
You kill the quokka!
You see here a quokka corpse.
It was a potion of magic.
Magic courses through your body.
It was a potion of mutation.
You feel extremely strange. Fur sprouts all over your body.
You feel agile.
(D) Dungeon
Where to? (? - help)
What level of the Dungeon? (default 1, ? - help)
You see here a quokka corpse.
A dart slug comes into view.
The dart slug bites you but does no damage.
You slash the dart slug!
You kill the dart slug!
You see here a dart slug corpse.
(D) Dungeon
Where to? (Enter - D:1 @ (x,y), ? - help)
There is a staircase leading out of the dungeon here.
Are you sure you want to leave the Dungeon?
This will make you lose the game!
You have escaped!

#.....†...## #.#
#.#.....### #.#
#.....# #.# ###.###
#.# #..# #.. ## ###.##
##. #.. ##....###### .
#.####........).# .#
##
#.##...##..@.###...#
.. #.#...####...# #..#
#.##.#.#.### #...# #.#
#..#.#...# #...## .#
.....#...# #.#.. #
#†###...####......
##.....#..##...##...#.
....>..##.##..# ....#.
####...##....### ....


There were no monsters in sight!

Vanquished Creatures
  2 dart slugs (D:1)
  2 ball pythons (D:1)
  3 endoplasms (D:1)
  6 goblins (D:1)
  11 jackals (D:1)
  A kobold (D:1)
  2 quokkas (D:1)
  2 bats (D:1)
  A frilled lizard (D:1)
  A rat (D:1)
31 creatures vanquished.

Notes
Turn   | Place    | Note
-------+----------+-------------------------------------------
     0 | D:1      | Peloso the Minotaur Fighter began the quest for the Orb.
     0 | D:1      | Reached XP level 1. HP: 19/19 MP: 0/0
     6 | D:1      | Found a faded altar of an unknown god.
    47 | D:1      | Reached XP level 2. HP: 18/27 MP: 1/1
   372 | D:1      | Reached XP level 3. HP: 33/33 MP: 2/2
   499 | D:1      | Gained mutation: You are covered in fur. (AC +1) [potion of
                  | mutation]
   499 | D:1      | Gained mutation: You are agile. (Dex +4, Str/Int -1)
                  | [potion of mutation]
   561 | D:$      | Got out of the dungeon alive.

Illustrated notes

Levels and vault maps discovered:
D:1:      dpeg_arrival_arbitrary_b, layout_basic,
          dreamdust_ecumenical_altar_grove

Skill      XL: |  1  2 |
---------------+-------+-----
Armour         | 4 |  4.2
Fighting       | 4 |  4.3
Long Blades    | |  2.8
Dodging        | |  0.3
Shields        | |  3.9

Action                     || total
---------------------------++-------
  Melee: Long sword        ||    65
         Headbutt          ||    14
    Use: Potion            ||     3
 Armour: Scale mail        ||    37
  Dodge: Dodged            ||    39
  Block: Buckler           ||    21
